 Dungeon Crawl Stone Soup version 0.19-a0-1908-g43c011f (webtiles) character file.

67 Leszczynek the Cudgeler (level 4, -8/44 HPs)
             Began as an Ogre Warper on Oct 22, 2016.
             Mangled by a mummy (15 damage)
             ... in an ossuary.
             The game lasted 00:06:37 (1087 turns).

Leszczynek the Cudgeler (Ogre Warper)               Turns: 1087, Time: 00:06:37

Health: -8/44      AC:  3    Str: 16    XL:     4   Next: 16%
Magic:  7/7        EV: 10    Int: 12    God:
Gold:   73         SH:  0    Dex: 10    Spells: 0 memorised, 7 levels left

rFire  . . .     SeeInvis .     a - +0 flail
rCold  . . .     Gourm    +     b - +0 robe
rNeg   . . .     Faith    .     (no shield)
rPois  .         Spirit   .     (helmet restricted)
rElec  .         Reflect  .     (no cloak)
rCorr  .         Harm     .     (gloves unavailable)
MR     .....                    (boots unavailable)
Stlth  +.........               k - amulet of the gourmand
                                (no ring)
                                (no ring)

@: no status effects
A: unfitting armour, tough skin 1
a: no special abilities


You were in an ossuary.
You were very full.

You visited 1 branch of the dungeon, and saw 5 of its levels.
You also visited: Ossuary.

You collected 73 gold pieces.

Inventory:

Hand Weapons
 a - a +0 flail (weapon)
 f - a +0 mace
Missiles
 e - 5 tomahawks of dispersal
 j - 5 javelins
 o - 4 tomahawks (quivered)
Armour
 b - a +0 robe (worn)
Jewellery
 k - an amulet of the gourmand (around neck)
Scrolls
 g - a scroll of immolation {unknown}
 i - 2 scrolls of random uselessness {unknown}
 m - a scroll of identify {unknown}
 n - a scroll of blinking
Potions
 h - a potion of berserk rage {unknown}
 l - a potion of curing
Books
 c - a book of Spatial Translocations

   Spells                             Type                      Level
   a - Blink                          Translocation                2
   b - Shroud of Golubria             Charms/Translocation         2
   c - Lesser Beckoning               Translocation                3
   d - Portal Projectile              Translocation                3
   e - Teleport Other                 Translocation                3
   f - Passage of Golubria            Translocation                4
Comestibles
 d - a bread ration


   Skills:
 - Level 2.6 Fighting
 + Level 5.7 Maces & Flails
 - Level 1.0 Throwing
 - Level 2.1 Dodging
 - Level 2.4 Spellcasting
   Level 2.1 Translocations


You had 7 spell levels left.
You didn't know any spells.

Dungeon Overview and Level Annotations

Branches:
Dungeon (5/15)
 Temple: D:4-7

Altars:
Dithmenos
Gozag
Kikubaaqudgha

Annotations:
D:3 Robin


Innate Abilities, Weirdness & Mutations

You are too large for most types of armour.
You have tough skin. (AC +1)


Message History

Unknown command.
You closely miss the mummy.
The mummy is heavily damaged.
The mummy hits you!
Unknown command.
You hit the mummy.
The mummy is heavily damaged.
You feel better. The mummy hits you.
You barely miss the mummy.
The mummy is heavily damaged.
The mummy hits you but does no damage. The mummy barely misses you.
Unknown command.
You hit the mummy.
The mummy is severely damaged.
You hit the mummy.
The mummy is severely damaged.
The mummy hits you!
* * * LOW HITPOINT WARNING * * *
The mummy hits you!
You die...

#....#
#(...#
#....#
#.(..#
#.(..#
#....#
#..ZZ#
#..MM#
#.∩∩@#
######


You could see 2 mummies, a kobold zombie and a big kobold zombie.

Vanquished Creatures
  A hound skeleton (D:4)
  An adder (D:4)
  An adder skeleton (D:4)
  A dart slug (D:1)
  3 leopard geckos
  7 orcs (D:4)
  2 giant cockroaches
  A hobgoblin (D:1)
  A kobold (D:2)
  2 ball pythons (D:1)
  A bat (D:2)
  5 goblins
  A hobgoblin zombie (Ossuary)
  3 rats
30 creatures vanquished.

Notes
Turn   | Place    | Note
-------+----------+-------------------------------------------
     0 | D:1      | Leszczynek the Ogre Warper began the quest for the Orb.
     0 | D:1      | Reached XP level 1. HP: 22/22 MP: 3/3
    27 | D:1      | Reached skill level 3 in Maces & Flails
    99 | D:1      | Reached XP level 2. HP: 29/29 MP: 5/5
   187 | D:1      | Reached skill level 4 in Maces & Flails
   482 | D:3      | Found an opulent altar of Gozag.
   493 | D:3      | Noticed Robin
   515 | D:4      | HP: 2/29 [rat (2)]
   520 | D:4      | Reached XP level 3. HP: 5/36 MP: 6/6
   525 | D:4      | HP: 3/36 [poisoned by an adder]
   738 | D:4      | Reached skill level 5 in Maces & Flails
   800 | D:5      | Entered Level 5 of the Dungeon
   861 | D:4      | Found an ancient bone altar of Kikubaaqudgha.
   892 | D:4      | Reached XP level 4. HP: 43/44 MP: 7/7
  1000 | D:4      | Found a shadowy altar of Dithmenos.
  1040 | D:4      | Found a sand-covered staircase.
  1045 | Ossuary  | Entered an ossuary
  1087 | Ossuary  | Mangled by a mummy

Vault maps used:
D:1:      dpeg_arrival_simpleton_b
D:2:      okawaru_gym_becter
D:3:      chequers_temple_overflow_minitemple, vehumet_crystals, first_bread,
          nicolae_gozag_seed_capital, uniq_jessica, uniq_robin,
          uniq_crazy_yiuf_cottage
D:4:      lemuel_doored_altar, nicolae_overflow_crystal_walls,
          kennysheep_mini_moat, nicolae_ossuary_entry_false_entrances
D:5:      kennysheep_little_box, lemuel_coloured_pillars_altar,
          interstate_on_off
Ossuary:  ossuary_tomb_3

Skill      XL: |  1  2  3 |
---------------+----------+-----
Maces & Flails | 3 4 5 |  5.7
Fighting       | |  2.6
Throwing       | |  1.0
Dodging        | |  2.1
Spellcasting   | |  2.4
Translocations | |  2.1

Action                   |  1- 3 |  4- 6 || total
-------------------------+-------+-------++-------
Melee: Mace              |    64 |       ||    64
       Flail             |    22 |    16 ||    38
Throw: Tomahawk          |       |     4 ||     4
  Use: Potion            |     2 |     1 ||     3
       Scroll            |     2 |       ||     2
  Eat: Chunk             |    13 |     3 ||    16
Armor: Robe              |    24 |     4 ||    28
Dodge: Dodged            |    75 |     1 ||    76
